 Dungeon Crawl Stone Soup version 0.17.1-3-g152610e (webtiles) character file.

4963 kaze the Nimble (level 10, -13/145 (148) HPs)
             Began as an Ogre Berserker on Mar 4, 2016.
             Was a High Priest of Trog.
             Mangled by a komodo dragon (14 damage)
             ... on level 1 of the Lair of Beasts.
             The game lasted 00:33:08 (10141 turns).

kaze the Nimble (Ogre Berserker)                   Turns: 10141, Time: 00:33:08

HP:   -13/145 (148) AC:  5    Str: 42    XL:     10   Next: 53%
MP:   1/1           EV: 15    Int:  6    God:    Trog [*****.]
Gold: 617           SH:  0    Dex:  9    Spells: 0 memorised, 9 levels left

rFire  . . .     SeeInvis .     q - +9 rapier "Ygelutz" {venom, rC++ MP-9 Str+4}
rCold  + + +     Rnd*Rage +     d - +2 robe {rC+}
rNeg   . . .     SustAt   .     (no shield)
rPois  .         Gourm    .     (helmet restricted)
rElec  .         Spirit   .     (no cloak)
rCorr  .         Warding  .     (gloves unavailable)
rMut   .         Stasis   .     (boots unavailable)
MR     +....                    (no amulet)
Stlth  ..........               l - +2 ring of evasion
                                m - +6 ring of strength

@: berserking, very quick, somewhat resistant to hostile enchantments, extremely
unstealthy
A: unfitting armour, hooves 1, berserk 1, blurry vision 1, frail 1, sense
surroundings 1, tough skin 1, no device heal 1, subdued magic 1, MP-powered
wands
a: Berserk, Trog's Hand, Brothers in Arms, Burn Spellbooks, Renounce Religion


You were on level 1 of the Lair of Beasts.
You worshipped Trog.
Trog was extremely pleased with you.
You were not hungry.

You visited 2 branches of the dungeon, and saw 10 of its levels.
You also visited: Sewer and Ossuary.

You collected 617 gold pieces.

Inventory:

Hand Weapons
 b - a +4 war axe
 q - the +9 rapier "Ygelutz" (weapon) {venom, rC++ MP-9 Str+4}
   (You found it on level 7 of the Dungeon)

   It poisons the flesh of those it strikes.
   It affects your strength (+4).
   It greatly protects you from cold.
   It affects your magic capacity (-9).
Missiles
 w - 3 large rocks (quivered)
Armour
 d - a +2 robe of cold resistance (worn)
Jewellery
 a - an uncursed ring of positive energy
 k - a +3 ring of intelligence {unknown}
 l - a +2 ring of evasion (right hand)
 m - a +6 ring of strength (left hand)
Wands
 r - a wand of paralysis (12)
Scrolls
 e - 2 scrolls of blinking
 h - a scroll of fog
 i - 4 scrolls of magic mapping
 n - 2 scrolls of teleportation
 t - 2 scrolls of fear
 v - 2 scrolls of enchant armour
 y - a scroll of amnesia {unknown}
 A - a scroll of recharging
 I - 2 scrolls of remove curse
 Q - a scroll of holy word {unknown}
Potions
 g - 2 potions of brilliance
 j - a potion of invisibility
 o - 12 potions of curing
 p - 9 potions of heal wounds
 s - 3 potions of lignification
 u - 3 potions of might
 x - a potion of haste
 B - 7 potions of flight
 J - 3 potions of agility
Comestibles
 c - 4 bread rations
 f - 8 fruits
 L - a royal jelly
 T - 4 beef jerkies


   Skills:
 + Level 10.0 Fighting
 + Level 1.8 Short Blades
 + Level 0.1(2.8) Axes
   Level 8.2 Maces & Flails
 + Level 0.4 Throwing
 + Level 11.1 Dodging
 - Level 0.1 Stealth


You had 9 spell levels left.
You didn't know any spells.

Dungeon Overview and Level Annotations

Branches:
Dungeon (9/15)             Temple (0/1) D:6            Lair (1/8) D:9
    Orc: D:9-12

Altars:
Ashenzari
Cheibriados
Gozag
Sif Muna
Trog
The Shining One


Innate Abilities, Weirdness & Mutations

You are too large for most types of armour.
You have tough skin (AC +1).
You have large cloven feet.
You tend to lose your temper in combat.
Scrolls take you a little longer to read.
You are frail (-10% HP).
You passively map a small area around you.
Potions and wands are less effective at restoring your health.
Your spells are a little easier to cast, but a little less powerful.
You expend magic power (3 MP) to strengthen your wands.


Message History

The komodo dragon is lightly wounded.
The komodo dragon bites you!!
You hit the komodo dragon.
You kick the komodo dragon, but do no damage.
The komodo dragon is moderately wounded.
The komodo dragon bites you!! The komodo dragon barely misses you.
You puncture the komodo dragon!
You kick the komodo dragon, but do no damage.
The komodo dragon is heavily wounded.
The komodo dragon bites you!!
* * * LOW HITPOINT WARNING * * *
You puncture the komodo dragon!
You kick the komodo dragon, but do no damage.
The komodo dragon is almost dead.
The komodo dragon bites you!!
* * * LOW HITPOINT WARNING * * *
A red film seems to cover your vision as you go berserk!
You feel yourself moving faster!
You feel mighty!
You feel somewhat more hungry. The komodo dragon bites you!
You die...

#...............<..
#....##............
#.#...#............
#.'................
#.#...#............
#.#...#....####P##P
#.#.###....# ### #
#..........#
#.@l.......#
#.........
#.........
#.........
#.........
#.........
....#####. , #...#
,, * *


You could see a komodo dragon.

Vanquished Creatures
  An ugly thing (D:7)
  A gargoyle (D:9)
  A yak (D:9)
  Eustachio (D:4)
  A deep elf fighter (D:9)
  A hippogriff (D:7)
  Menkaure (D:4)
  A water moccasin (D:8)
  Duvessa (D:4)
  An ice beast (D:7)
  3 sky beasts
  A phantom (D:8)
  3 crocodiles (D:9)
  A necrophage (D:9)
  3 ogres
  3 big kobolds
  5 centaurs
  3 giant frogs
  Blork the orc (D:6)
  Dowan (D:4)
  The ghost of SaintRoka the Charlatan, a weakling CeAr of Cheibriados (D:3)
  4 wights (D:8)
  2 crimson imps (D:5)
  2 jellies
  A giant frog zombie (D:6)
  A giant frog skeleton (D:5)
  A centaur zombie (D:7)
  5 hounds
  2 orc priests
  Ijyb (D:2)
  3 orc wizards
  Jessica (D:2)
  Terence (D:2)
  3 worker ants (D:5)
  An iguana (D:5)
  A killer bee zombie (D:9)
  4 hound skeletons
  8 mummies (Ossuary)
  2 gnolls (D:4)
  13 adders
  9 river rats
  2 shadow imps
  2 oozes (D:1)
  An adder skeleton (D:8)
  7 worms
  5 giant geckos
  17 orcs
  6 giant cockroaches
  8 goblins
  10 hobgoblins
  5 jackals
  9 ball pythons
  17 bats
  4 giant newts
  5 hobgoblin zombies (Ossuary)
  21 kobolds
  2 kobold zombies (Ossuary)
  An orc zombie (Ossuary)
  4 quokkas
  A quokka skeleton (D:9)
  36 rats
  A plant (D:9)
264 creatures vanquished.

Notes
Turn   | Place    | Note
--------------------------------------------------------------
     0 | D:1      | kaze the Ogre Berserker began the quest for the Orb.
     0 | D:1      | Reached XP level 1. HP: 24/24 MP: 1/1
   103 | D:1      | Reached XP level 2. HP: 32/32 MP: 2/2
   571 | D:1      | Reached XP level 3. HP: 40/40 MP: 3/3
   593 | D:1      | Reached ** piety under Trog
   941 | D:2      | Noticed Jessica
   947 | D:2      | Killed Jessica
   947 | D:2      | Reached XP level 4. HP: 39/49 MP: 4/4
   989 | D:2      | Reached skill level 5 in Maces & Flails
  1223 | D:2      | Noticed Ijyb
  1241 | D:2      | Killed Ijyb
  1241 | D:2      | Reached skill level 5 in Fighting
  1308 | D:2      | Reached XP level 5. HP: 28/57 MP: 5/5
  1529 | D:2      | Noticed Terence
  1540 | D:2      | Killed Terence
  2069 | D:3      | Found a shattered altar of Ashenzari.
  2161 | D:3      | Found an opulent altar of Gozag.
  2271 | D:3      | Reached *** piety under Trog
  2697 | D:3      | Reached XP level 6. HP: 67/67 MP: 6/6
  3026 | D:3      | Noticed SaintRoka's ghost (weakling CeAr)
  3046 | D:3      | Killed SaintRoka's ghost
  3494 | D:4      | Noticed Dowan
  3497 | D:4      | Killed Dowan
  3497 | D:4      | Reached skill level 6 in Fighting
  3500 | D:4      | Noticed Duvessa
  3506 | D:4      | Killed Duvessa
  3506 | D:4      | Reached skill level 5 in Dodging
  3506 | D:4      | Reached XP level 7. HP: 72/75 MP: 7/7
  3674 | D:4      | Noticed Eustachio
  3685 | D:4      | Killed Eustachio
  3778 | D:4      | Noticed Menkaure
  3785 | D:4      | Killed Menkaure
  3848 | D:4      | Found a snail-covered altar of Cheibriados.
  3946 | D:4      | Found a glowing golden altar of the Shining One.
  4029 | D:5      | Entered Level 5 of the Dungeon
  4081 | D:5      | Found a bloodstained altar of Trog.
  4182 | D:5      | Reached XP level 8. HP: 76/84 MP: 8/8
  4240 | D:5      | Found a sand-covered staircase.
  4254 | Ossuary  | Entered an ossuary
  4283 | Ossuary  | Reached skill level 7 in Fighting
  5686 | D:6      | Found a deep blue altar of Sif Muna.
  5764 | D:6      | Found a glowing drain.
  5774 | Sewer    | Entered a sewer
  5873 | Sewer    | Reached **** piety under Trog
  6098 | Sewer    | Reached skill level 8 in Dodging
  6599 | D:6      | Gained mutation: Scrolls take you a little longer to read. [potion of mutation]
  6599 | D:6      | Gained mutation: You tend to lose your temper in combat. [potion of mutation]
  6639 | D:6      | Gained mutation: You are weak. (Str -2) [mutagenic meat]
  6640 | D:6      | Gained mutation: You have large cloven feet. [mutagenic meat]
  6641 | D:6      | Gained mutation: You are partially covered in rough black scales (AC +4, Dex -1). [mutagenic meat]
  6642 | D:6      | Lost mutation: You are weak. (Str -2) [mutagenic meat]
  6643 | D:6      | Gained mutation: You expend magic power (3 MP) to strengthen your wands. [mutagenic meat]
  6644 | D:6      | Gained mutation: Potions and wands are less effective at restoring your health. [mutagenic meat]
  6829 | D:6      | Noticed Blork the orc
  6836 | D:6      | Killed Blork the orc
  6836 | D:6      | Reached XP level 9. HP: 81/96 MP: 9/9
  7044 | D:6      | Found a staircase to the Ecumenical Temple.
  7481 | D:7      | Got a slimy rapier
  7482 | D:7      | Identified the +9 rapier "Ygelutz" {venom, rC++ MP-9 Str+4} (You found it on level 7 of the Dungeon)
  7531 | D:7      | Reached skill level 9 in Dodging
  7586 | D:7      | Noticed a white ugly thing
  7602 | D:7      | Killed a white ugly thing
  7754 | D:7      | Lost mutation: You are partially covered in rough black scales (AC +4, Dex -1). [mutagenic meat]
  7755 | D:7      | Gained mutation: You passively map a small area around you. [mutagenic meat]
  7756 | D:7      | Gained mutation: You are partially covered in rugged brown scales (AC +1, +3% HP). [mutagenic meat]
  7757 | D:7      | Lost mutation: You are partially covered in rugged brown scales (AC +1, +3% HP). [mutagenic meat]
  7758 | D:7      | Gained mutation: Your spells are a little easier to cast, but a little less powerful. [mutagenic meat]
  7760 | D:7      | Gained mutation: You are frail (-10% HP). [mutagenic meat]
  8376 | D:8      | Reached skill level 10 in Dodging
  8558 | D:8      | Reached skill level 1 in Short Blades
  8558 | D:8      | Reached XP level 10. HP: 76/96 MP: 1/10
  9231 | D:9      | HP: 7/144 [gargoyle/mace (2)]
  9237 | D:9      | HP: 5/147 [kobold (1)]
  9792 | D:9      | Reached skill level 10 in Fighting
  9792 | D:9      | Reached skill level 11 in Dodging
 10064 | D:9      | Found a staircase to the Lair.
 10069 | D:9      | Reached ***** piety under Trog
 10080 | Lair:1   | Entered Level 1 of the Lair of Beasts
 10140 | Lair:1   | HP: 1/97 [komodo dragon (20)]
 10141 | Lair:1   | Mangled by a komodo dragon

Action                   |  1- 3 |  4- 6 |  7- 9 | 10-12 || total
-------------------------+-------+-------+-------+-------++-------
Melee: Mace              |    67 |   190 |   359 |       ||   616
       Rapier            |       |       |    62 |   159 ||   221
       Battleaxe         |       |       |    13 |       ||    13
Throw: Large rock        |       |     3 |     2 |       ||     5
Invok: Berserk           |     1 |     3 |     5 |     3 ||    12
       Trog's Hand       |       |     1 |     7 |     2 ||    10
       Burn Spellbooks   |       |       |     2 |       ||     2
       Brothers in Arms  |       |       |     1 |       ||     1
  Use: Scroll            |     4 |     8 |    12 |     3 ||    27
       Potion            |       |     2 |     8 |       ||    10
  Eat: Fruit             |     1 |     1 |       |       ||     2
       Chunk             |       |     3 |    19 |       ||    22
       Meat ration       |       |     1 |     2 |       ||     3
       Beef jerky        |       |     1 |     2 |       ||     3
       Bread ration      |       |       |     2 |     2 ||     4
       Pizza             |       |       |     2 |       ||     2
